 Dungeon Crawl Stone Soup version 0.28.0 (webtiles) character file.

Game seed: 13282310725451535412

29429 flyleaff the Basher (level 13, -5/125 HPs)
             Began as a Purple Draconian Conjurer on Feb 14, 2022.
             Was a Believer of Ashenzari.
             Slain by Saint Roka (18 damage)
             ... on level 2 of the Orcish Mines on Feb 16, 2022.
             The game lasted 01:34:24 (19510 turns).

flyleaff the Basher (Purple Draconian Conjurer)    Turns: 19510, Time: 01:34:25

Health: -5/125     AC: 11    Str: 18    XL:     13   Next: 15%
Magic:  17/44      EV: 20    Int: 22    God:    Ashenzari [**....]
Gold:   1220       SH:  0    Dex: 20    Spells: 1/31 levels left

rFire   + . .      SeeInvis +   x - +10 mace "Omniscient Regret" {vorpal, rElec rC+ Dex+7, Cun, Bglg} (curse)
rCold   + . .      Faith    .   (no shield)
rNeg    . . .      Spirit   .   (armour unavailable)
rPois   .          Reflect  .   (helmet restricted)
rElec   +          Harm     .   e - +0 cloak "Enlightened Visionary" {rC+ Str+7 Stlth-, Alch, Bglg} (curse)
rCorr   .          Rampage  .   y - +0 pair of gloves
Will    +++..                   T - +0 pair of boots
Stlth   +.........              c - amulet "Sybil of Ashenzari" {RegenMP +Inv Will++ MP+9 Dex+3, Elem, Comp} (curse)
HPRegen 0.30/turn               D - ring of magical power
MPRegen 0.69/turn               t - ring of fire

@: freezing walls, hasted, very quick
A: breathe power, AC +8, unfitting armour, cold-blooded, horns 1, robust 1,
noise suppression
a: Breathe Dispelling Energy, Renounce Religion, Evoke Invisibility, Curse Item,
Shatter the Chains


You were on level 2 of the Orcish Mines.
You worshipped Ashenzari.
Ashenzari was pleased with you.
You visited 4 branches of the dungeon, and saw 15 of its levels.
You also visited: Ossuary and Bailey.

You collected 1220 gold pieces.

Inventory:

Hand Weapons
 v - a +4 flail of protection
 x - the cursed +10 mace "Omniscient Regret" (weapon) {vorpal, rElec rC+ Dex+7, Cun, Bglg}
   (You took it off an orc on level 6 of the Dungeon)

   It inflicts extra damage upon your enemies.
   Dex:       It affects your dexterity (+7).
   rC:        It protects you from cold.
   rElec:     It insulates you from electricity.
   It has a curse which improves the following skills: Cunning: Dodging and
   Stealth.
   Beguiling: Conjurations, Hexes and Translocations.
 I - the +4 great mace of Pairooll {antimagic, Str+7}
   (You found it in a bailey)

   It reduces the magical energy of the wielder, and disrupts the spells and
   magical abilities of those it strikes.
   Natural abilities and divine invocations are not affected.
   Str:       It affects your strength (+7).
Missiles
 b - 6 datura-tipped darts (quivered)
 f - 3 throwing nets
 i - 31 poisoned darts
 m - 4 curare-tipped darts
 r - 9 boomerangs
 F - 4 javelins
Armour
 e - the cursed +0 cloak "Enlightened Visionary" (worn) {rC+ Str+7 Stlth-, Alch, Bglg}
   (You found it on level 2 of the Dungeon)

   Str:       It affects your strength (+7).
   rC:        It protects you from cold.
   Stlth:     It makes you less stealthy.
   It has a curse which improves the following skills: Alchemy: Poison Magic and
   Transmutations.
   Beguiling: Conjurations, Hexes and Translocations.
 h - a +2 cloak
 y - a +0 pair of gloves (worn)
 T - a +0 pair of boots (worn)
Magical Staves
 J - a staff of poison
Jewellery
 c - the cursed amulet "Sybil of Ashenzari" (around neck) {RegenMP +Inv Will++ MP+9 Dex+3, Elem, Comp}
   (You found it on level 2 of the Dungeon)

   [amulet of magic regeneration]

   It increases your rate of magic regeneration.
   Dex:       It affects your dexterity (+3).
   MP:        It affects your magic capacity (+9).
   +Inv:      It lets you turn invisible.
   Will:      It greatly increases your willpower.
   It has a curse which improves the following skills: Elements: Fire Magic, Ice
   Magic, Air Magic and Earth Magic.
   Companions: Summonings and Necromancy.
 p - a ring of ice
 t - a ring of fire (right hand)
 D - a ring of magical power (left hand)
 E - an amulet of the acrobat
 L - a ring of protection from fire
 O - a ring of protection from cold
 Q - the ring "Neumpasch" {Slay+4 Stlth+}
   (You found it on level 10 of the Dungeon)

   [ring of slaying]

   Slay:      It affects your accuracy & damage with ranged weapons and melee
   (+4).
   Stlth:     It makes you more stealthy.
Wands
 l - a wand of digging (3)
 q - a wand of iceblast (7)
 B - a wand of flame (31)
 N - a wand of polymorph (6)
Scrolls
 a - 3 scrolls of teleportation
 d - a scroll of fear
 n - 2 scrolls of amnesia
 A - 4 scrolls of fog
 C - 2 scrolls of summoning
 H - 2 scrolls of enchant weapon
 M - 2 scrolls of magic mapping
 P - a scroll of silence
 R - a scroll of holy word
 S - a scroll of brand weapon
 U - a scroll of enchant armour
Potions
 g - a potion of flight
 j - 2 potions of resistance
 k - 2 potions of magic
 o - a potion of ambrosia
 s - a potion of invisibility
 u - 3 potions of curing
 w - a potion of cancellation
 z - 2 potions of attraction
 G - 3 potions of mutation
 K - 2 potions of might


   Skills:
 + Level 10.4 Fighting
 - Level 10.6 Maces & Flails
 * Level 10.4(11.6) Dodging
 - Level 1.7(2.6) Stealth
 + Level 9.6 Spellcasting
 - Level 5.0(6.8) Conjurations
 - Level 2.7(4.3) Hexes
 - Level 2.5(3.5) Summonings
 - Level 2.5(3.6) Necromancy
 - Level 2.7(4.3) Translocations
 - Level 2.8(3.9) Transmutations
 - Level 2.7(3.8) Fire Magic
 - Level 5.0(6.2) Ice Magic
 - Level 2.7(3.7) Air Magic
 - Level 2.5(3.5) Earth Magic
 - Level 2.6(3.7) Poison Magic
 - Level 2.7 Evocations


You had one spell level left.
You knew the following spells:

 Your Spells              Type           Power      Damage    Failure   Level
a - Magic Dart            Conj           100%       1d8       1%          1
b - Searing Ray           Conj           80%        2d7       1%          2
c - Dazzling Flash        Conj/Hex       70%        N/A       1%          3
d - Frozen Ramparts       Ice            76%        1d9       1%          3
e - Ice Form              Ice/Tmut       32%        N/A       8%          4
f - Stone Arrow           Conj/Erth      66%        3d11      2%          3
g - Mephitic Cloud        Conj/Pois/Air  31%        N/A       2%          3
h - Freezing Cloud        Conj/Ice/Air   17%        6-21      17%         5
i - Ignite Poison         Fire/Tmut/Pois 41%        N/A       4%          3
j - Tukima's Dance        Hex            29%        N/A       3%          3

Your spell library contained the following spells:

 Spells                   Type           Power      Damage    Failure   Level
 Beastly Appendage        Tmut           54%        N/A       1%          1
 Pain                     Necr           100%       1d9       1%          1
 Wereblood                Tmut           27%        N/A       1%          2
 Spider Form              Tmut/Pois      27%        N/A       4%          3
 Fulminant Prism          Conj/Hex       17%        3d11      6%          4
 Iskenderun's Mystic Bla  Conj/Tloc      35%        2d8       6%          4
 Summon Ice Beast         Ice/Summ       32%        N/A       9%          4
 Passage of Golubria      Tloc           29%        N/A       11%         4
 Iskenderun's Battlesphe  Conj           40%        2d9       11%         5
 Anguish                  Hex/Necr       14%        N/A       12%         4
 Leda's Liquefaction      Hex/Erth       13%        N/A       12%         4
 Petrify                  Tmut/Erth      27%        N/A       14%         4
 Metabolic Englaciation   Hex/Ice        16%        N/A       21%         5
 Silence                  Hex/Air        14%        N/A       32%         5
 Agony                    Necr           26%        N/A       36%         5
 Excruciating Wounds      Necr           13%        N/A       36%         5
 Lee's Rapid Deconstruct  Erth           13%        3d10*     38%         5
 Iron Shot                Conj/Erth      16%        9d4       75%         6
 Statue Form              Tmut/Erth      18%        N/A       91%         6
 Spellforged Servitor     Conj/Summ      16%        N/A       99%         7
 Enfeeble                 Hex            14%        N/A       100%        7
 Lehudib's Crystal Spear  Conj/Erth      16%        10d5      100%        8
 Animate Armour           Summ/Erth      Unusable   N/A       N/A         4

Dungeon Overview and Level Annotations

Branches:
Dungeon (11/15)            Temple (1/1) D:5            Lair (1/6) D:11
    Orc (2/2) D:9             Elf (0/3) Orc:2       Ossuary (visited)
 Bailey (visited)

Altars:
Ashenzari
Cheibriados
Dithmenos
Elyvilon
Fedhas
Gozag
Hepliaklqana
Kikubaaqudgha
Makhleb
Nemelex Xobeh
Okawaru
Qazlal
Ru
Sif Muna
Trog
Uskayaw
Vehumet
Wu Jian
Xom
Yredelemnul
Zin
The Shining One
Beogh

Shops:
Orc:1 (   Orc:2 (?::

Portals:
Abyss: D:3

Annotations:
D:3 2 transporters, HallandMoats's ghost, amateur GrFi
Orc:2 Saint Roka


Innate Abilities, Weirdness & Mutations

You can breathe bolts of dispelling energy.
Your rich purple scales are hard. (AC +8)
You cannot fit into any form of body armour.
You are cold-blooded and may be slowed by cold attacks.
You have a pair of small horns on your head.
You are robust. (+10% HP)
You passively dampen the noise of your surroundings.


Message History

Casting: Ignite Poison (mildly dangerous; 4% risk of failure)
Confirm with . or Enter, or press ? or * to list all spells.
Casting: Frozen Ramparts (safe; 1% risk of failure)
Press: ? - help, Dir - look around, f - activate The walls around you are covered in ice.
Saint Roka resists.
The wall freezes Saint Roka.
Saint Roka hits you with a +1 dire flail of holy wrath!
Casting: Frozen Ramparts (safe; 1% risk of failure)
Confirm with . or Enter, or press ? or * to list all spells.
Aiming: Searing Ray (safe; 1% risk of failure)
Press: ? - help, Shift-Dir - straight line, f - Saint Roka
Aim: Saint Roka, wielding a +1 dire flail of holy wrath and wearing a +2 chain mail of cold resistance (heavily wounded, 87% to hit)
The searing ray misses Saint Roka. (Press . to maintain the ray.) Saint Roka resists.
The wall freezes Saint Roka.
Saint Roka mumbles some strange prayers to Beogh against you.
Beogh smites you!
The searing ray hits Saint Roka.
Saint Roka is heavily wounded.
Saint Roka resists.
The wall freezes Saint Roka.
Saint Roka calls down the wrath of Beogh upon you.
Beogh smites you!
As you read the scroll of fear, it crumbles to dust.
You assume a fearsome visage.
Saint Roka looks frightened!
Saint Roka resists.
The wall freezes Saint Roka.
Your attack snaps Saint Roka out of their fear.
Saint Roka hits you with a +1 dire flail of holy wrath!!
* * * LOW HITPOINT WARNING * * *
Casting: Searing Ray (safe; 1% risk of failure)
Confirm with . or Enter, or press ? or * to list all spells.
Okay, then.
As you read the scroll of fear, it crumbles to dust.
You assume a fearsome visage.
Saint Roka resists with almost no effort.
Saint Roka resists.
The wall freezes Saint Roka.
Saint Roka roars a battlecry!
You feel yourself speed up.
Saint Roka completely resists.
The wall freezes Saint Roka but does no damage.
Saint Roka hits you with a +1 dire flail of holy wrath!!
You die...

.#..)#....#..##).##.....#*****
.#...#....'..#.))#......#*,,,**
.#####.####..#.........#*,,,,,**
..........####........##.,,8,,,**
.....####.####)8...8...8.,,,,,,8*
..⌠..#..#)..)'...........,,_,,,,*
.....#..).####.8...8...8.,,,,,,8*
..)..#..#.####........##o,,8,,,**
####.####.#..#..@o.....#*,,,,,**
...#......'..#...#......#*,,,**
...#.#....#..##..##.....#*****
#)##.#....#####...#.....#*
.)...#.......##.).##.....*
##.###'#####.##..).#.....*******
##.##.).#.[#.###)).##....,**,,,**
##.##...#).'.# #..).#*,,,,,,,,,,,
##'######..### ##.).##*,,,,,,,,,,


You could see Saint Roka.

Vanquished Creatures
  A boulder beetle (D:9)
  6 two-headed ogres
  2 orc high priests (Orc:2)
  Pikel (D:7)
  4 orc knights
  3 orc sorcerers (Orc:2)
  A manticore (D:11)
  A gargoyle (D:11)
  2 komodo dragons
  8 trolls
  The ghost of Selrock the Magician, a novice SpCj (D:5)
  A hornet (D:7)
  Sigmund (D:6)
  4 wraiths
  5 spriggans (Bailey)
  4 wyverns
  9 yaks
  A basilisk (D:11)
  3 steam dragons
  2 vampire mosquitoes (D:9)
  Edmund (D:6)
  6 wargs
  Duvessa (D:6)
  2 acid dragons
  2 water moccasins (D:7)
  35 orc warriors
  A hornet zombie (D:8)
  2 ice beasts
  A sky beast (D:7)
  23 ogres
  9 necrophages
  6 centaurs
  2 phantoms
  2 lemures (D:7)
  5 kobold brigands
  2 bullfrogs
  3 gnoll sergeants
  3 scorpions
  Dowan (D:6)
  13 killer bees
  18 wights
  A bullfrog zombie (D:6)
  5 centaur zombies
  A jelly (D:7)
  A bullfrog skeleton (D:6)
  A centaur skeleton (D:7)
  3 hounds
  Crazy Yiuf (D:2)
  28 orc priests
  4 gnoll shamans
  Terence (D:2)
  2 iguanas
  A scorpion zombie (D:4)
  24 orc wizards
  3 killer bee zombies (D:8)
  The ghost of suduhmizer the Chopper, a weakling MiBe of Trog (D:4)
  2 bullfrog simulacra (D:4)
  2 hound zombies (D:4)
  2 mummies
  2 howler monkey zombies
  Robin (D:4)
  8 adders
  36 gnolls
  A hound simulacrum (D:4)
  3 white imps
  An ufetubus (D:5)
  An adder zombie (Ossuary)
  3 dart slugs
  An adder simulacrum (D:4)
  100 orcs
  5 endoplasms
  2 giant cockroaches
  19 goblins
  6 hobgoblins
  6 jackals
  A quokka (D:4)
  4 ball pythons
  A ball python skeleton (Ossuary)
  4 bats
  4 frilled lizards
  A hobgoblin skeleton (Ossuary)
  3 hobgoblin zombies (Ossuary)
  34 kobolds
  2 kobold zombies (Ossuary)
  3 rats
533 creatures vanquished.

Vanquished Creatures (collateral kills)
  3 gnolls (Orc:1)
3 creatures vanquished.

Vanquished Creatures (others)
  3 bushes (D:4)
  12 plants (D:4)
  2 withered plants (D:8)
17 creatures vanquished.

Grand Total: 553 creatures vanquished

Notes
Turn   | Place    | Note
-------+----------+-------------------------------------------
     0 | D:1      | flyleaff the Draconian Conjurer began the quest for the
                  | Orb.
     0 | D:1      | Reached XP level 1. HP: 14/14 MP: 3/3
   570 | D:1      | Reached XP level 2. HP: 5/20 MP: 0/5
  1036 | D:1      | Found a faded altar of an unknown god.
  1099 | D:1      | Prayed at the altar of an unknown god.
  1099 | D:1      | Became a worshipper of Uskayaw the Reveller
  1099 | D:1      | Reached * piety under Uskayaw
  1100 | D:1      | Fell from the grace of Uskayaw
  1366 | D:1      | Learned a level 2 spell: Searing Ray
  1816 | D:2      | Reached XP level 3. HP: 26/26 MP: 4/7
  1820 | D:2      | Learned a level 3 spell: Dazzling Flash
  2171 | D:2      | Identified the amulet "Jygemal" {RegenMP +Inv Will++ MP+9
                  | Dex+3}
  2315 | D:2      | Noticed Terence
  2321 | D:2      | Killed Terence
  2322 | D:2      | Reached XP level 4. HP: 27/33 MP: 8/8
  2458 | D:2      | Identified the +0 cloak "Binaser" {rC+ Str+7 Stlth-}
  2795 | D:2      | Found a runed translucent door.
  2800 | D:2      | Learned a level 3 spell: Frozen Ramparts
  2801 | D:2      | Noticed Crazy Yiuf
  2807 | D:2      | Killed Crazy Yiuf
  2808 | D:2      | Reached skill level 1 in Ice Magic
  2923 | D:3      | Reached XP level 5. HP: 38/38 MP: 9/9
  3067 | D:3      | Noticed an ancient zyme
  3073 | D:3      | Found a transporter.
  3074 | D:3      | Found a one-way gate to the infinite horrors of the Abyss.
  3074 | D:3      | Noticed HallandMoats's ghost (amateur GrFi)
  3075 | D:3      | Noticed a small abomination
  3257 | D:3      | Found a transporter.
  3499 | D:4      | Noticed an ice beast
  3500 | D:4      | Noticed suduhmizer's ghost (weakling MiBe)
  3542 | D:4      | Found a runed translucent gate.
  3542 | D:4      | Found a runed translucent gate.
  3542 | D:4      | Found a runed translucent gate.
  3603 | D:4      | Reached XP level 6. HP: 39/45 MP: 10/10
  3662 | D:4      | Reached skill level 5 in Ice Magic
  3667 | D:4      | Noticed Robin
  3684 | D:4      | Killed Robin
  3805 | D:4      | Found a shadowy altar of Dithmenos.
  3816 | D:4      | Reached skill level 1 in Fighting
  4027 | D:4      | Found a blossoming altar of Fedhas.
  4406 | D:4      | Reached skill level 1 in Transmutations
  4406 | D:4      | Your scales start taking on a rich purple colour.
  4406 | D:4      | Reached XP level 7. HP: 52/52 MP: 13/13
  4688 | D:5      | Entered Level 5 of the Dungeon
  4688 | D:5      | Found a staircase to the Ecumenical Temple.
  4716 | D:5      | Reached skill level 5 in Spellcasting
  4820 | D:5      | Learned a level 4 spell: Ice Form
  4824 | D:5      | Learned a level 3 spell: Stone Arrow
  4941 | Temple   | Entered the Ecumenical Temple
  5166 | Temple   | Became a worshipper of Ashenzari the Shackled
  5435 | D:5      | Found a bloodstained altar of Trog.
  5553 | D:5      | Found a runed translucent gate.
  5577 | D:5      | Reached XP level 8. HP: 63/63 MP: 15/15
  5607 | D:5      | Noticed Selrock's ghost (novice SpCj)
  5609 | D:5      | Found a runed translucent gate.
  5609 | D:5      | Found a runed translucent gate.
  5833 | D:5      | Killed Selrock's ghost
  5834 | D:5      | Reached skill level 1 in Hexes
  5834 | D:5      | Reached skill level 1 in Summonings
  5834 | D:5      | Reached skill level 1 in Necromancy
  5834 | D:5      | Reached skill level 1 in Translocations
  5834 | D:5      | Reached skill level 1 in Fire Magic
  5834 | D:5      | Reached skill level 1 in Air Magic
  5834 | D:5      | Reached skill level 1 in Earth Magic
  5834 | D:5      | Reached skill level 1 in Poison Magic
  6001 | D:4      | Killed suduhmizer's ghost
  6015 | D:4      | Paralysed by the fury of Uskayaw for 6 turns
  6315 | D:6      | Noticed Dowan
  6316 | D:6      | Noticed Duvessa
  6320 | D:6      | Killed Dowan
  6331 | D:6      | Killed Duvessa
  6409 | D:6      | Reached XP level 9. HP: 38/69 MP: 16/16
  6508 | D:6      | Noticed Edmund
  6518 | D:6      | Killed Edmund
  6649 | D:6      | Identified the +3 leather armour "Suevol" {Rampage rPois
                  | rF+++ Slay-6}
  6649 | D:6      | Noticed Sigmund
  6661 | D:6      | Killed Sigmund
  6731 | D:6      | Identified the +10 mace of Truncation {vorpal, rElec rC+
                  | Dex+7}
  7096 | D:7      | Reached skill level 5 in Conjurations
  7122 | D:7      | Paralysed by the fury of Uskayaw for 7 turns
  7122 | D:7      | Was forgiven by Uskayaw
  7294 | D:7      | Reached skill level 1 in Maces & Flails
  7355 | D:7      | Reached * piety under Ashenzari
  7384 | D:7      | Found a sand-covered staircase.
  7396 | Ossuary  | Entered an ossuary
  8004 | D:7      | Reached skill level 5 in Maces & Flails
  8099 | D:7      | Reached XP level 10. HP: 75/78 MP: 18/18
  8528 | D:7      | Reached ** piety under Ashenzari
  8541 | D:7      | Noticed Pikel
  8552 | D:7      | Killed Pikel
  8837 | D:8      | Found a flagged portal.
  8845 | D:8      | Identified the +2 robe "Qogyduta" {rElec rC+ rN+}
  8853 | Bailey   | Entered a bailey
  9371 | Bailey   | Noticed a two-headed ogre
  9372 | Bailey   | Reached skill level 10 in Maces & Flails
  9379 | Bailey   | Killed a two-headed ogre
  9498 | Bailey   | Identified the +4 great mace of Pairooll {antimagic, Str+7}
  9675 | D:8      | Reached XP level 11. HP: 69/85 MP: 19/19
 10270 | D:8      | Reached skill level 5 in Fighting
 10308 | D:8      | Reached skill level 5 in Dodging
 10513 | D:9      | Noticed a boulder beetle
 10692 | D:9      | Gained mutation: You are robust. (+10% HP) [potion of
                  | mutation]
 10692 | D:9      | Gained mutation: You passively dampen the noise of your
                  | surroundings. [potion of mutation]
 10692 | D:9      | Gained mutation: You have a pair of small horns on your
                  | head. [potion of mutation]
 10708 | D:9      | Killed a boulder beetle
 11483 | D:9      | Found a staircase to the Orcish Mines.
 11500 | D:9      | Noticed a two-headed ogre
 11508 | D:9      | Killed a two-headed ogre
 11611 | D:9      | Learned a level 3 spell: Mephitic Cloud
 11814 | D:10     | Entered Level 10 of the Dungeon
 11839 | D:10     | Noticed a two-headed ogre
 11849 | D:10     | Killed a two-headed ogre
 12653 | D:10     | Identified the ring "Neumpasch" {Slay+4 Stlth+}
 13659 | D:11     | Noticed a two-headed ogre
 13665 | D:11     | Killed a two-headed ogre
 13666 | D:11     | Reached XP level 12. HP: 74/113 MP: 23/23
 14532 | D:11     | Found a staircase to the Lair.
 14885 | Lair:1   | Entered Level 1 of the Lair of Beasts
 15001 | Orc:1    | Entered Level 1 of the Orcish Mines
 15002 | Orc:1    | Found Pomot's Weapon Emporium.
 15483 | Orc:1    | Learned a level 5 spell: Freezing Cloud
 15487 | Orc:1    | Learned a level 3 spell: Ignite Poison
 15933 | Orc:2    | Entered Level 2 of the Orcish Mines
 15933 | Orc:2    | Noticed a two-headed ogre
 16791 | Orc:2    | Found Feelaeso's Antique Weapon Emporium.
 16855 | Orc:2    | Found Hothac's Magic Scroll Shoppe.
 18041 | Orc:2    | Found a staircase to the Elven Halls.
 18120 | Orc:2    | Reached skill level 10 in Fighting
 18471 | Orc:2    | Found Hodymi's Book Shop.
 18474 | Orc:2    | Noticed an orc high priest
 18489 | Orc:2    | Killed an orc high priest
 18490 | Orc:2    | Reached skill level 10 in Dodging
 18490 | Orc:2    | Reached XP level 13. HP: 7/124 MP: 26/26
 18900 | Orc:2    | Noticed Saint Roka
 19342 | Orc:2    | Found Jealei's Book Boutique.
 19457 | Orc:2    | Learned a level 3 spell: Tukima's Dance
 19510 | Orc:2    | Slain by Saint Roka

Illustrated notes

Levels and vault maps discovered:
D:1:      matt_arrival_grand_opening, layout_loops_corners,
          hellmonk_ecumenical_altar_blasted
D:2:      layout_basic, uniq_terence, uniq_crazy_yiuf_cottage
D:3:      layout_loops_ring, gammafunk_ghost_abyssal_escape
D:4:      layout_rooms, nicolae_dithmenos_shadow_blocks,
          fedhas_altar_decomposition, gammafunk_ghost_icy, uniq_robin
D:5:      layout_loops_ring, mainiacjoe_overflow_paths, temple_fountains,
          gammafunk_ghost_nasty_kobolds, kennysheep_diamond
D:6:      layout_rooms, sigmund_edmund_badplayer, uniq_duvessa
D:7:      layout_rooms, gup_ossuary_entry_pyramid, minmay_diced_spiral,
          uniq_pikel
D:8:      layout_loops_ring, enter_bailey_5, serial_undead, serial_undead_c,
          serial_undead_d, serial_undead_c, serial_undead_e, serial_undead_c,
          serial_undead_a, serial_undead_a
D:9:      layout_basic, orc_0_dummy, interstate_on_off, st_stairs_10,
          minmay_fractal_squares_gapless_7
D:10:     layout_basic, st_stairs_13
D:11:     layout_basic, erik_lair_dragon, special_room [special_room_orc]
Temple:   mainiacjoe_temple_bowtie_tessellation
Lair:1:   layout_misc_corridors, serial_bayou_pond_e, grunt_megastairs_3
Orc:1:    layout_caves, serial_shops, shop
Orc:2:    pubby_orc_utopia

Skill      XL: |  1  2  3  4  5  6  7  8  9 10 11 12 |
---------------+-------------------------------------+-----
Dodging        | 2 3 4 6 10 | 10.4
Spellcasting   | 3 4 5 7 9 |  9.6
Ice Magic      | 2 4 5 |  5.0
Fighting       | 1 3 4 8 10 | 10.4
Transmutations | 1 2 |  2.8
Hexes          | 2 |  2.7
Summonings     | 2 |  2.5
Necromancy     | 2 |  2.5
Translocations | 2 |  2.7
Fire Magic     | 2 |  2.7
Air Magic      | 2 |  2.7
Earth Magic    | 2 |  2.5
Poison Magic   | 2 |  2.6
Conjurations   | 5 |  5.0
Maces & Flails | 5 10 | 10.6
Evocations     | 2 |  2.7
Stealth        | |  1.7

Action                   |  1- 3 |  4- 6 |  7- 9 | 10-12 | 13-15 || total
-------------------------+-------+-------+-------+-------+-------++-------
Melee: Unarmed           |    52 |       |    14 |       |       ||    66
       Tailslap          |     5 |       |    11 |    72 |     2 ||    90
       Punch             |     1 |       |       |     3 |       ||     4
       Flail             |       |     8 |    12 |       |       ||    20
       Whip              |       |       |    13 |       |       ||    13
       Mace              |       |       |    58 |   397 |    40 ||   495
       Headbutt          |       |       |       |    56 |    12 ||    68
Throw: Dart              |       |       |       |     6 |       ||     6
 Cast: Magic Dart        |    68 |   106 |    47 |    64 |     8 ||   293
       Searing Ray       |     3 |    10 |    17 |    20 |     1 ||    51
       Stone Arrow       |       |       |    46 |   133 |     9 ||   188
       Frozen Ramparts   |       |       |    13 |    37 |     4 ||    54
       Ice Form          |       |       |     7 |       |       ||     7
       Dazzling Flash    |       |       |       |     2 |       ||     2
       Mephitic Cloud    |       |       |       |    11 |     4 ||    15
       Freezing Cloud    |       |       |       |    14 |     1 ||    15
       Ignite Poison     |       |       |       |       |     2 ||     2
       Tukima's Dance    |       |       |       |       |     1 ||     1
Invok: Renounce Religion |     1 |       |       |       |       ||     1
       Curse Item        |       |       |     2 |     1 |       ||     3
 Abil: Breathe Dispellin |       |       |       |     4 |       ||     4
Evoke: Wand              |       |       |     1 |     4 |     1 ||     6
  Use: Scroll            |     3 |     4 |     3 |     4 |     3 ||    17
       Potion            |       |       |       |     9 |     1 ||    10
 Stab: Sleeping          |       |       |     1 |     1 |       ||     2
       Confused          |       |       |       |     3 |       ||     3
Armor: Skin              |    24 |    15 |    43 |    87 |     2 ||   171
Dodge: Dodged            |    57 |    25 |    98 |   355 |    32 ||   567
